 Dungeon Crawl Stone Soup version 0.22.1-2-g9c5b331 (webtiles) character file.

414 myga the Skirmisher (level 6, -2/56 HPs)
             Began as a Hill Orc Abyssal Knight on Nov 28, 2018.
             Was a Believer of Lugonu.
             Shot with an arrow by a centaur (6 damage)
             ... on level 5 of the Dungeon.
             The game lasted 00:31:51 (4257 turns).

myga the Skirmisher (Hill Orc Abyssal Knight)       Turns: 4257, Time: 00:31:52

Health: -2/56      AC: 10    Str: 20    XL:     6   Next: 91%
Magic:  7/8        EV:  8    Int: 12    God:    Lugonu [**....]
Gold:   218        SH:  0    Dex: 10    Spells: 5/5 levels left

rFire    . . .     SeeInvis .   a - +2 mace
rCold    . . .     Gourm    .   (no shield)
rNeg     + . .     Faith    .   p - +1 chain mail {rN+}
rPois    .         Spirit   .   (no helmet)
rElec    .         Reflect  .   (no cloak)
rCorr    .         Harm     .   (no gloves)
MR       .....                  (no boots)
Stlth    ..........             (no amulet)
HPRegen  0.18/turn              (no ring)
MPRegen  0.11/turn              (no ring)

@: mighty, lethally poisoned (-2 -> -3)
A: hooves 1, blurry vision 1, clumsy 1
a: Depart the Abyss, Bend Space, Renounce Religion, Convert to Beogh


You were on level 5 of the Dungeon.
You worshipped Lugonu.
Lugonu was pleased with you.
You were hungry.

You visited 1 branch of the dungeon, and saw 5 of its levels.
You visited the Abyss 1 time.

You collected 218 gold pieces.

Inventory:

Hand Weapons
 a - a +2 mace (weapon)
 f - a +0 hand axe
Missiles
 k - 7 tomahawks (quivered)
 o - 81 stones
Armour
 l - a +0 buckler
 p - a +1 chain mail of positive energy (worn)
Wands
 d - a wand of random effects (30)
Scrolls
 i - 2 scrolls of teleportation
 j - 4 scrolls of noise
Potions
 e - a potion of agility
 n - a potion of curing {unknown}
Comestibles
 c - 3 rations
 g - 3 chunks of flesh


   Skills:
 + Level 5.0 Fighting
 + Level 4.4 Maces & Flails
 + Level 2.2 Throwing
 + Level 4.1 Armour
 + Level 1.9 Dodging
 + Level 0.3 Stealth
 + Level 2.8 Invocations


You had 5 spell levels left.
You didn't know any spells.
Your spell library was empty.

Dungeon Overview and Level Annotations

Branches:
Dungeon (5/15)
 Temple: D:4-7

Altars:
Dithmenos
Nemelex Xobeh
Vehumet
Zin
The Shining One

Shops:
D:4 %


Innate Abilities, Weirdness & Mutations

You have large cloven feet.
Scrolls take you a little longer to read.
You are clumsy. (Dex -2)


Message History

Okay, then.
Okay, then.
Okay, then.
Space bends around you!
You blink.
The centaur hits you but does no damage. x2
The centaur hits you!
* * * LOW HITPOINT WARNING * * *
Found a robe and 16 gold pieces.
Okay, then.
Okay, then.
You feel very mighty all of a sudden.
You feel sick. The centaur barely misses you.
The centaur hits you but does no damage.
The centaur closely misses you.
An orc priest comes into view. It is wielding a club.
The orc priest shouts, "Surrender to Beogh and we'll let you live!" (press Y on the ability menu to convert to Beogh)
The orc priest shouts!
You hear a shout!
The centaur wields a shortbow.
The centaur shoots an arrow.
The arrow hits you.
You die...

#. #.# ... ## #.#
o . #.# ... #.#.#
#....
#.#.#.#.###...###
.......c.@.......
.[...#c###...###
$.. #(# ..# # #(#
.# #.# # #.# #.#
#.# #.#


You could see 2 centaurs and an orc priest.

Vanquished Creatures
  Sigmund (D:2)
  A hound (D:4)
  An iguana (D:4)
  2 worker ants
  A gnoll (D:1)
  7 adders
  A shadow imp (D:4)
  2 adder zombies
  An adder skeleton (D:4)
  2 worms (D:2)
  2 leopard geckos
  6 orcs
  3 bats
  A bat zombie (D:1)
  7 giant cockroaches
  2 goblins (D:1)
  3 hobgoblins
  11 jackals
  4 kobolds
  3 quokkas
  A ball python (D:1)
  6 frilled lizards
  8 rats
76 creatures vanquished.

Notes
Turn   | Place    | Note
-------+----------+-------------------------------------------
     0 | Abyss:1  | myga the Hill Orc Abyssal Knight began the quest for the
                  | Orb.
     0 | Abyss:1  | Reached XP level 1. HP: 19/19 MP: 2/2
    72 | Abyss:1  | Noticed an anaconda skeleton
    76 | D:1      | Escaped the Abyss
   118 | D:1      | Reached skill level 4 in Fighting
   122 | D:1      | Reached * piety under Lugonu
   186 | D:1      | Reached XP level 2. HP: 23/27 MP: 3/3
   739 | D:1      | Reached XP level 3. HP: 23/34 MP: 5/5
  1348 | D:2      | Reached skill level 1 in Dodging
  1539 | D:2      | Found a glowing silver altar of Zin.
  1614 | D:2      | Reached XP level 4. HP: 36/41 MP: 6/6
  1758 | D:2      | Noticed Sigmund
  1792 | D:2      | Gained mutation: Scrolls take you a little longer to read.
                  | [potion of mutation]
  1792 | D:2      | Gained mutation: You are clumsy. (Dex -2) [potion of
                  | mutation]
  1792 | D:2      | Gained mutation: You have large cloven feet. [potion of
                  | mutation]
  1815 | D:2      | Killed Sigmund
  1815 | D:2      | Reached skill level 1 in Throwing
  1815 | D:2      | Reached XP level 5. HP: 44/47 MP: 7/7
  1983 | D:2      | Reached XP level 6. HP: 52/55 MP: 8/8
  2358 | D:2      | Found a shadowy altar of Dithmenos.
  2794 | D:3      | Reached ** piety under Lugonu
  3177 | D:3      | Found a glowing golden altar of the Shining One.
  3637 | D:4      | Found a sparkling altar of Nemelex Xobeh.
  3637 | D:4      | Found a radiant altar of Vehumet.
  3864 | D:4      | Found Benlora's Food Shop.
  4155 | D:5      | Entered Level 5 of the Dungeon
  4169 | D:5      | Reached skill level 5 in Fighting
  4257 | D:5      | Shot with an arrow by a centaur

Skill      XL: |  1  2  3  4  5  6 |
---------------+-------------------+-----
Fighting       | 4 5 |  5.0
Dodging        | 1 |  1.9
Armour         | 3 4 |  4.1
Maces & Flails | 3 4 |  4.4
Throwing       | 1 2 |  2.2
Stealth        | |  0.3
Invocations    | |  2.8

Action                   |  1- 3 |  4- 6 || total
-------------------------+-------+-------++-------
Melee: Mace              |   106 |   163 ||   269
       Kick              |       |    16 ||    16
Throw: Stone             |    22 |    60 ||    82
       Tomahawk          |       |    29 ||    29
Invok: Depart the Abyss  |     1 |       ||     1
       Bend Space        |       |     1 ||     1
  Use: Scroll            |     4 |     8 ||    12
       Potion            |       |     7 ||     7
 Stab: Invisible         |       |     1 ||     1
  Eat: Chunk             |     2 |     5 ||     7
       Ration            |       |     1 ||     1
Armor: Leather armour    |     9 |       ||     9
       Chain mail        |    53 |   110 ||   163
       Skin              |       |    20 ||    20
Dodge: Dodged            |    52 |    71 ||   123
